SKY
LAS VEGAS KNIGHTS @ SAN DIEGO PADRES
09/17/2051
 
TOP OF THE 1ST
Las Vegas Knights batting - Pitching for San Diego Padres : RHP Julian Koons
Pitching: RHP Julian Koons
Batting: RHB Tyler Sexton 0-0: Foul Ball, location: 2F
0-1: Foul Ball, location: 5F
0-2: Ball
1-2: Ball
2-2: Foul Ball, location: 2F
2-2: Foul Ball, location: 2F
2-2: Hit by Pitch
Batting: LHB Roy Popko 0-0: Called Strike
0-1: Ball
1-1: Foul Ball, location: 25F
1-2: Ball
2-2: Foul Ball, location: 7LMF
2-2: Foul Ball, location: 2F
2-2: Ball
3-2: Fielders Choice at 2nd, 6-4 (Groundball, 6, EV 82.5 MPH)
Batting: RHB Jackson Dziedzic 0-0: Called Strike
0-1: Fly out, F4 (Popup, 3D, EV 59.4 MPH)
Batting: LHB Damian Rinehart 0-0: Ground out U3 (Groundball, 3S, EV 71.3 MPH)
Top of the 1st over - 0 runs, 0 hits, 0 errors, 1 left on base; Las Vegas 0 - San Diego 0
BOTTOM OF THE 1ST
San Diego Padres batting - Pitching for Las Vegas Knights : LHP Raymundo Capellan
Pitching: LHP Raymundo Capellan
Batting: RHB Silvio Sevilla 0-0: Foul Ball, location: 7LSF
0-1: Ball
1-1: Ball
2-1: Foul Ball, location: 23FF
2-2: Ball
3-2: Ground out 6-3 (Groundball, 56, EV 99.4 MPH)
Batting: RHB Des Galindo 0-0: Ball
1-0: Ball
2-0: Called Strike
2-1: Ball
3-1: Foul Ball, location: 3F
3-2: Foul Ball, location: 25F
3-2: Foul Ball, location: 2F
3-2: Foul Ball, location: 2F
3-2: Foul Ball, location: 3FF
3-2: SINGLE (Line Drive, 34D, EV 103.1 MPH)
Batting: LHB Eric Ho 0-0: Ball
1-0: Foul Ball, location: 2F
1-1: Foul Ball, location: 2F
1-2: Ball
2-2: Foul Ball, location: 23F
2-2: Foul Ball, location: 2F
2-2: Fly out, F9 (Line Drive, 9, EV 90.6 MPH)
Batting: LHB Owen Chandler 0-0: Swinging Strike
0-1: Called Strike
0-2: Ball
1-2: Ball
2-2: Foul Ball, location: 3FF
2-2: Foul Ball, location: 9LDF
2-2: Strikes out swinging
Bottom of the 1st over - 0 runs, 1 hit, 0 errors, 1 left on base; Las Vegas 0 - San Diego 0
TOP OF THE 2ND
Las Vegas Knights batting - Pitching for San Diego Padres : RHP Julian Koons
Batting: RHB Sam Graham 0-0: Called Strike
0-1: DOUBLE (Flyball, 8RXD, EV 113.1 MPH)
Batting: LHB Burton Van Skike 0-0: Ball
1-0: Called Strike
1-1: Ball
2-1: Ball
3-1: Swinging Strike
3-2: Base on Balls
Batting: SHB Patrick Alvarez 0-0: Called Strike
0-1: Ball
1-1: Swinging Strike
1-2: DOUBLE (Line Drive, 89D, EV 107.5 MPH)
Sam Graham scores
Burton Van Skike to third
Batting: LHB Keshawn Harris 0-0: Fly out, F4 (Popup, 4, EV 70.6 MPH)
Batting: RHB Usher Bush 0-0: Called Strike
0-1: Ball
1-1: Ball
2-1: SINGLE (Line Drive, 89S, EV 103.1 MPH)
Burton Van Skike scores
Patrick Alvarez to third
Batting: RHB Tyler Sexton 0-0: Ball
1-0: Foul Ball, location: 9LMF
1-1: Grounds into double play, 5-4-3 (Groundball, 5S, EV 91.3 MPH)
Top of the 2nd over - 2 runs, 3 hits, 0 errors, 1 left on base; Las Vegas 2 - San Diego 0
BOTTOM OF THE 2ND
San Diego Padres batting - Pitching for Las Vegas Knights : LHP Raymundo Capellan
Batting: LHB Lester Flores 0-0: Called Strike
0-1: Called Strike
0-2: Strikes out looking
Batting: RHB Trinidad Apodaca 0-0: Ball
1-0: Called Strike
1-1: Ball
2-1: Swinging Strike
2-2: Ball
3-2: SINGLE (Line Drive, 56D, EV 98.1 MPH)
Batting: LHB Neil Smyth 0-0: Ball
1-0: Called Strike
1-1: Ball
2-1: Swinging Strike
2-2: Ball
3-2: Base on Balls
Trinidad Apodaca to second
Batting: RHB Carter Harding 0-0: Ball
1-0: Called Strike
1-1: Ball
2-1: Foul Ball, location: 2F
2-2: Ball
3-2: Strikes out swinging
Batting: LHB Flávio Chacon 0-0: Foul Ball, location: 2F
0-1: Hit by Pitch
Trinidad Apodaca to third
Neil Smyth to second
Batting: RHB Silvio Sevilla 0-0: Called Strike
0-1: Foul Ball, location: 2F
0-2: Strikes out swinging
Bottom of the 2nd over - 0 runs, 1 hit, 0 errors, 3 left on base; Las Vegas 2 - San Diego 0
TOP OF THE 3RD
Las Vegas Knights batting - Pitching for San Diego Padres : RHP Julian Koons
Batting: LHB Roy Popko 0-0: Called Strike
0-1: Foul Ball, location: 2F
0-2: Foul Ball, location: 9LMFF
0-2: Ball
1-2: Fly out, F2 (Popup, 13S, EV 84.4 MPH)
Batting: RHB Jackson Dziedzic 0-0: Ball
1-0: Called Strike
1-1: Ball
2-1: TRIPLE (Flyball, 7LD, EV 110.0 MPH)
Batting: LHB Damian Rinehart 0-0: Called Strike
0-1: Called Strike
0-2: Ball
1-2: Ball
2-2: Ball
3-2: Strikes out swinging
Batting: RHB Sam Graham 0-0: SINGLE (Groundball, 6MD, EV 94.4 MPH)
Jackson Dziedzic scores
Batting: LHB Burton Van Skike 0-0: Ball
1-0: Called Strike
1-1: Foul Ball, location: 5F
1-2: Strikes out swinging
Top of the 3rd over - 1 run, 2 hits, 0 errors, 1 left on base; Las Vegas 3 - San Diego 0
BOTTOM OF THE 3RD
San Diego Padres batting - Pitching for Las Vegas Knights : LHP Raymundo Capellan
Batting: RHB Des Galindo 0-0: Foul Ball, location: 23F
0-1: Swinging Strike
0-2: Fly out, F8 (Flyball, 8RM, EV 93.8 MPH)
Batting: LHB Eric Ho 0-0: Foul Ball, location: 3DF
0-1: Fly out, F4 (Popup, 4D, EV 48.1 MPH)
Batting: LHB Owen Chandler 0-0: Fly out, F8 (Line Drive, 8LD, EV 86.3 MPH)
Bottom of the 3rd over - 0 runs, 0 hits, 0 errors, 0 left on base; Las Vegas 3 - San Diego 0
TOP OF THE 4TH
Las Vegas Knights batting - Pitching for San Diego Padres : RHP Julian Koons
Batting: SHB Patrick Alvarez 0-0: Foul Ball, location: 3FF
0-1: Ball
1-1: Ground out U3 (Groundball, 3S, EV 68.1 MPH)
Batting: LHB Keshawn Harris 0-0: Ball
1-0: Foul Ball, location: 2F
1-1: Ground out 6-3 (Groundball, 6, EV 86.3 MPH)
Batting: RHB Usher Bush 0-0: Ball
1-0: Ball
2-0: Called Strike
2-1: Called Strike
2-2: Strikes out looking
Top of the 4th over - 0 runs, 0 hits, 0 errors, 0 left on base; Las Vegas 3 - San Diego 0
BOTTOM OF THE 4TH
San Diego Padres batting - Pitching for Las Vegas Knights : LHP Raymundo Capellan
Batting: LHB Lester Flores 0-0: Called Strike
0-1: Called Strike
0-2: Ball
1-2: Ball
2-2: SINGLE (Groundball, 3D, EV 96.3 MPH)
Batting: RHB Trinidad Apodaca 0-0: Ball
1-0: Called Strike
1-1: Ball
2-1: Ball
3-1: Grounds into double play, 5-4-3 (Groundball, 56S, EV 76.3 MPH)
Batting: LHB Neil Smyth 0-0: SINGLE (Line Drive, 8RS, EV 108.8 MPH)
Batting: RHB Carter Harding 0-0: Foul Ball, location: 2F
0-1: Ball
1-1: Called Strike
Neil Smyth steals 2nd base
1-2: Ball
2-2: Ball
3-2: Foul Ball, location: 9LMF
3-2: Strikes out looking
Bottom of the 4th over - 0 runs, 2 hits, 0 errors, 1 left on base; Las Vegas 3 - San Diego 0
TOP OF THE 5TH
Las Vegas Knights batting - Pitching for San Diego Padres : RHP Julian Koons
Batting: RHB Tyler Sexton 0-0: Swinging Strike
0-1: Called Strike
0-2: Foul Ball, location: 5F
0-2: Ball
1-2: Ball
2-2: Ball
3-2: Fly out, F8 (Flyball, 8RM, EV 93.1 MPH)
Batting: LHB Roy Popko 0-0: Ball
1-0: Called Strike
1-1: Foul Ball, location: 9LSF
1-2: Ball
2-2: Fly out, F7 (Flyball, 7, EV 81.9 MPH)
Batting: RHB Jackson Dziedzic 0-0: Fly out, F7 (Flyball, 78S, EV 78.8 MPH)
Top of the 5th over - 0 runs, 0 hits, 0 errors, 0 left on base; Las Vegas 3 - San Diego 0
BOTTOM OF THE 5TH
San Diego Padres batting - Pitching for Las Vegas Knights : LHP Raymundo Capellan
Batting: LHB Flávio Chacon 0-0: Called Strike
0-1: Ball
1-1: Called Strike
1-2: Foul Ball, location: 23F
1-2: Strikes out swinging
Batting: RHB Silvio Sevilla 0-0: Called Strike
0-1: Fly out, F8 (Flyball, 8RS, EV 87.5 MPH)
Batting: RHB Des Galindo 0-0: Called Strike
0-1: Foul Ball, location: 2F
0-2: Ball
1-2: Ball
2-2: Foul Ball, location: 2F
2-2: Strikes out swinging
Bottom of the 5th over - 0 runs, 0 hits, 0 errors, 0 left on base; Las Vegas 3 - San Diego 0
TOP OF THE 6TH
Las Vegas Knights batting - Pitching for San Diego Padres : RHP Julian Koons
Batting: LHB Damian Rinehart 0-0: Ground out 4-3 (Groundball, 4, EV 98.8 MPH)
Batting: RHB Sam Graham 0-0: Ball
1-0: Called Strike
1-1: Ball
2-1: Foul Ball, location: 5F
2-2: Foul Ball, location: 25F
2-2: Foul Ball, location: 23FF
2-2: Ball
3-2: Strikes out swinging
Batting: LHB Burton Van Skike 0-0: Ball
1-0: Called Strike
1-1: Foul Ball, location: 5SF
1-2: Ground out U3 (Groundball, 3, EV 89.4 MPH)
Top of the 6th over - 0 runs, 0 hits, 0 errors, 0 left on base; Las Vegas 3 - San Diego 0
BOTTOM OF THE 6TH
San Diego Padres batting - Pitching for Las Vegas Knights : LHP Raymundo Capellan
Batting: LHB Eric Ho 0-0: Ball
1-0: Called Strike
1-1: Ball
2-1: Called Strike
2-2: Ball
3-2: SINGLE (Groundball, 34D, EV 108.1 MPH)
Batting: LHB Owen Chandler 0-0: Foul Ball, location: 5F
0-1: Ball
1-1: Ball
2-1: Foul Ball, location: 2F
2-2: Strikes out swinging
Batting: LHB Lester Flores 0-0: Called Strike
0-1: Swinging Strike
0-2: Strikes out swinging
Batting: RHB Trinidad Apodaca 0-0: Called Strike
0-1: Swinging Strike
0-2: Ball
1-2: Ball
2-2: Fly out, F3 (Popup, 34S, EV 69.4 MPH)
Bottom of the 6th over - 0 runs, 1 hit, 0 errors, 1 left on base; Las Vegas 3 - San Diego 0
TOP OF THE 7TH
Las Vegas Knights batting - Pitching for San Diego Padres : RHP Julian Koons
Batting: SHB Patrick Alvarez 0-0: Fly out, F9 (Flyball, 89M, EV 71.3 MPH)
Batting: LHB Keshawn Harris 0-0: Ball
1-0: Swinging Strike
1-1: Ground out 5-3 (Groundball, 56, EV 83.8 MPH)
Batting: RHB Usher Bush 0-0: Ball
1-0: Ground out 1-6-3 (Groundball, 15S, EV 105.6 MPH)
Top of the 7th over - 0 runs, 0 hits, 0 errors, 0 left on base; Las Vegas 3 - San Diego 0
BOTTOM OF THE 7TH
San Diego Padres batting - Pitching for Las Vegas Knights : LHP Raymundo Capellan
Pitching: LHP K.J. Sizer
Batting: LHB Neil Smyth 0-0: Swinging Strike
0-1: Ball
1-1: Swinging Strike
1-2: Strikes out looking
Batting: RHB Carter Harding 0-0: Ball
1-0: SINGLE (Flyball, 3D, EV 93.1 MPH)
Batting: LHB Flávio Chacon 0-0: Called Strike
0-1: Fielders Choice at 2nd, 5-4 (Groundball, 56, EV 102.5 MPH)
Batting: RHB Silvio Sevilla 0-0: Called Strike
0-1: Fly out, F6 (Line Drive, 6, EV 71.3 MPH)
Bottom of the 7th over - 0 runs, 1 hit, 0 errors, 1 left on base; Las Vegas 3 - San Diego 0
TOP OF THE 8TH
Las Vegas Knights batting - Pitching for San Diego Padres : RHP Julian Koons
Batting: RHB Tyler Sexton 0-0: Called Strike
0-1: Ball
1-1: Ball
2-1: Foul Ball, location: 9LMF
2-2: Ball
3-2: Strikes out swinging
Pitching: RHP Jack Johnston
Batting: LHB Roy Popko 0-0: Ball
1-0: Ground out 5-3 (Groundball, 5, EV 78.8 MPH)
Batting: RHB Jackson Dziedzic 0-0: Ball
1-0: Swinging Strike
1-1: Ground out 6-3 (Groundball, 6, EV 80.6 MPH)
Top of the 8th over - 0 runs, 0 hits, 0 errors, 0 left on base; Las Vegas 3 - San Diego 0
BOTTOM OF THE 8TH
San Diego Padres batting - Pitching for Las Vegas Knights : LHP K.J. Sizer
Batting: RHB Des Galindo 0-0: Ball
1-0: Ball
2-0: Ball
3-0: Called Strike
3-1: Ground out 5-3 (Groundball, 56, EV 86.3 MPH)
Batting: LHB Eric Ho 0-0: SINGLE (Flyball, 4D, EV 99.4 MPH)
Batting: LHB Owen Chandler 0-0: Called Strike
0-1: Foul Ball, location: 2F
0-2: Ball
1-2: Ball
2-2: Ball
3-2: SINGLE (Line Drive, 7S, EV 93.1 MPH)
Eric Ho to second
Pinch Hitting: RHB Ron Nester 0-0: Ball
1-0: Swinging Strike
1-1: Ball
2-1: Called Strike
2-2: Fielders Choice at 2nd, 6-4 (Groundball, 6, EV 82.5 MPH)
Eric Ho to third
Batting: RHB Trinidad Apodaca 0-0: Fielders Choice at 2nd, U4 (Groundball, 4M, EV 80.0 MPH)
Bottom of the 8th over - 0 runs, 2 hits, 0 errors, 2 left on base; Las Vegas 3 - San Diego 0
TOP OF THE 9TH
Las Vegas Knights batting - Pitching for San Diego Padres : RHP Jack Johnston
Now in LF: Ron Nester
Batting: LHB Damian Rinehart 0-0: Called Strike
0-1: Swinging Strike
0-2: Ball
1-2: Ball
2-2: Foul Ball, location: 7LMF
2-2: Ball
3-2: Strikes out swinging
Batting: RHB Sam Graham 0-0: Called Strike
0-1: Fly out, F8 (Flyball, 8LM, EV 87.5 MPH)
Batting: LHB Burton Van Skike 0-0: Swinging Strike
0-1: Ground out U3 (Groundball, 3, EV 93.8 MPH)
Top of the 9th over - 0 runs, 0 hits, 0 errors, 0 left on base; Las Vegas 3 - San Diego 0
BOTTOM OF THE 9TH
San Diego Padres batting - Pitching for Las Vegas Knights : LHP K.J. Sizer
Pitching: RHP Grump Powell
Batting: LHB Neil Smyth 0-0: Foul Ball, location: 9LMF
0-1: Foul Ball, location: 23FF
0-2: Ball
1-2: Foul Ball, location: 7LMF
1-2: Ball
2-2: Ball
3-2: Base on Balls
Batting: RHB Carter Harding 0-0: Swinging Strike
0-1: Ball
1-1: Ball
2-1: Foul Ball, location: 7LSFF
2-2: Ball
3-2: Fly out, F3 (Popup, 34S, EV 85.0 MPH)
Batting: LHB Flávio Chacon 0-0: Swinging Strike
0-1: Foul Ball, location: 25F
0-2: Strikes out looking
Batting: RHB Silvio Sevilla 0-0: Fielders Choice at 2nd, 5-4 (Groundball, 5L, EV 92.5 MPH)
Bottom of the 9th over - 0 runs, 0 hits, 0 errors, 1 left on base; Las Vegas 3 - San Diego 0
Saturday, March 30th , 2024 - OOTP Baseball 24.11 Build 85